 Dungeon Crawl Stone Soup version 0.30.1-9-gdf580d7c3d (webtiles) character file.

Game seed: 2431761291157623881

2783 Wiggles the Cleaver (level 9, -3/81 HPs)
             Began as a Minotaur Berserker on Oct 12, 2023.
             Was a High Priest of Trog.
             Slain by a kobold brigand
             ... wielding a +0 war axe
              (5 damage)
             ... in a bailey.
             The game lasted 00:08:26 (4685 turns).

Wiggles the Cleaver (Minotaur Berserker)            Turns: 4685, Time: 00:08:26

Health: -3/81      AC: 11    Str: 27    XL:     9   Next: 43%
Magic:  8/8        EV: 15    Int:  4    God:    Trog [*****.]
Gold:   338        SH:  0    Dex:  9    Spells: 8/8 levels left

rFire   . . .        w - +0 broad axe
rCold   . . .        (no shield)
rNeg    . . .        q - +0 chain mail
rPois   .            (helmet restricted)
rElec   .            (no cloak)
rCorr   .            (no gloves)
SInv    .            b - +0 pair of boots
Will    .....        p - amulet of regeneration Stlth
                     A - +5 ring of evasion
HPRegen 1.13/turn    (no ring)
MPRegen 0.11/turn

%: no passive effects
@: lethally poisoned (-3 -> -3), slowed, very slow
A: horns 2, retaliatory headbutt
a: Renounce Religion, Berserk, Trog's Hand, Brothers in Arms


You were in a bailey.
You worshipped Trog.
Trog was extremely pleased with you.
You visited 1 branch of the dungeon, and saw 7 of its levels.
You also visited: Ossuary and Bailey.

You collected 338 gold pieces.

Inventory:

Hand Weapons
 w - a +0 broad axe (weapon)
Missiles
 r - a throwing net (quivered)
Armour
 b - a +0 pair of boots (worn)
 q - a +0 chain mail (worn)
Jewellery
 c - a ring of magical power
 p - an amulet of regeneration (around neck)
 A - a +5 ring of evasion (left hand)
Wands
 E - a wand of paralysis (4)
 F - a wand of iceblast (14)
Scrolls
 a - a scroll of noise {unknown}
 e - a scroll of poison {unknown}
 f - a scroll of immolation {unknown}
 g - 4 scrolls of teleportation {unknown}
 j - 2 scrolls of fear {unknown}
 l - a scroll of magic mapping {unknown}
 n - a scroll of fog {unknown}
 v - 6 scrolls of identify {unknown}
 y - 2 scrolls of enchant armour {unknown}
 C - a scroll of torment {unknown}
 D - a scroll of amnesia {unknown}
Potions
 d - 2 potions of curing {unknown}
 h - a potion of cancellation {unknown}
 i - 2 potions of invisibility {unknown}
 k - 4 potions of heal wounds {unknown}
 m - 3 potions of lignification {unknown}
 o - 3 potions of mutation {unknown}
 s - 2 potions of magic {unknown}
 t - a potion of flight {unknown}
 u - 2 potions of might {unknown}
 x - 2 potions of resistance {unknown}
 z - a potion of brilliance {unknown}
 B - a potion of haste {unknown}


   Skills:
 + Level 7.8 Fighting
 + Level 12.2 Axes
 + Level 6.6 Armour
 + Level 4.0 Dodging
 + Level 0.7 Stealth


You had 8 spell levels left.
You didn't know any spells.
Your spell library was empty.

Dungeon Overview and Level Annotations

Branches:
Dungeon (7/15)             Temple (0/1) D:4         Ossuary (visited)
 Bailey (1/1)

Altars:
Cheibriados
Fedhas
Makhleb
Okawaru
Qazlal
Sif Muna
Uskayaw

Shops:
D:1 =


Innate Abilities, Weirdness & Mutations

You have a pair of horns on your head.
You reflexively headbutt those who attack you in melee.


Message History

You feel as though you will be slow longer.
You feel extremely sick.
The kobold shouts!
The kobold brigand closely misses you. The kobold brigand misses you.
You slash the kobold brigand!
The kobold brigand is almost dead.
You hit the kobold brigand.
You feel very sick. The kobold brigand barely misses you.
The kobold brigand hits you with a +0 war axe!
You feel very sick.
The kobold brigand hits you with a +0 war axe!
* * * LOW HITPOINT WARNING * * *
The kobold barely misses you.
The kobold brigand hits you with a +0 war axe.
* * * LOW HITPOINT WARNING * * *
The kobold brigand misses you. The kobold hits you but does no damage.
There is an open gate, spattered with blood here.
You barely miss the kobold. You headbutt the kobold.
You kill the kobold!
Trog accepts your kill.
You hit the kobold brigand. You slash the kobold brigand!
You kill the kobold brigand!
Trog accepts your kill.
You feel very sick.
The kobold brigand throws a poisoned dart.
The poisoned dart misses you.
The kobold brigand hits you but does no damage.
You feel sick.
The kobold throws a boomerang.
The boomerang barely misses you. The kobold brigand barely misses you.
The kobold throws a boomerang.
The boomerang closely misses you.
The kobold brigand hits you with a +0 war axe.
* * * LOW HITPOINT WARNING * * *
The kobold brigand hits you but does no damage.
You see here 2 boomerangs.
Your two-headed ogre goes berserk!
You feel sick. The kobold brigand misses you.
The kobold brigand hits your two-headed ogre with a +0 war axe.
The kobold brigand hits you with a +0 war axe.
You die...

..~~.......~~..
##~~.......~~##
..~~.......~~..
#~~.......~~#
~.......~ #...#
#O((# #KK.#
#@..# ##'K'##
##..∩..##
#.......#
#...∩...#
##.....##
#######


You could see 2 kobold brigands, a kobold and a friendly two-headed ogre
(summoned, berserk).

Vanquished Creatures
  An ugly thing (D:7)
  A water moccasin (D:7)
  A black bear (D:6)
  3 ice beasts
  An ogre (D:6)
  A sky beast (D:7)
  A phantom (D:6)
  A centaur (D:7)
  An elf zombie (Ossuary)
  2 kobold brigands
  2 bullfrogs
  3 scorpions (D:5)
  A killer bee (D:7)
  4 howler monkeys
  A crimson imp (D:7)
  A centaur zombie (Ossuary)
  A human zombie (Ossuary)
  2 hounds (D:4)
  A jelly (D:7)
  4 orc priests
  2 sleepcaps
  3 iguanas
  3 orc wizards
  A hound zombie (Ossuary)
  3 mummies (Ossuary)
  6 gnolls
  7 adders
  A white imp (D:7)
  2 ufetubi
  4 adder zombies (Ossuary)
  2 worms
  4 dart slugs
  18 orcs
  3 ball pythons
  5 bats
  12 endoplasms
  2 giant cockroaches
  A gnoll zombie (Ossuary)
  5 hobgoblins
  5 jackals
  9 kobolds
  4 quokkas
  3 frilled lizards
  7 goblins
  4 goblin zombies (Ossuary)
  A hobgoblin zombie (Ossuary)
  4 jackal zombies (Ossuary)
  6 kobold zombies (Ossuary)
  4 orc zombies (Ossuary)
  3 quokka zombies (Ossuary)
  4 rats
  3 rat zombies (Ossuary)
174 creatures vanquished.

Notes
Turn   | Place    | Note
-------+----------+-------------------------------------------
     0 | D:1      | Wiggles the Minotaur Berserker began the quest for the Orb.
     0 | D:1      | Reached XP level 1. HP: 19/19 MP: 0/0
   199 | D:1      | Reached skill level 4 in Axes
   199 | D:1      | Reached XP level 2. HP: 27/27 MP: 1/1
   670 | D:1      | Found Qeahagatz's Jewellery Shoppe.
   769 | D:2      | Reached XP level 3. HP: 33/33 MP: 2/2
   877 | D:2      | Found a faded altar of an unknown god.
   905 | D:2      | Reached ** piety under Trog
  1182 | D:2      | Reached XP level 4. HP: 39/41 MP: 3/3
  1274 | D:2      | Reached skill level 5 in Axes
  2083 | D:4      | Found a snail-covered altar of Cheibriados.
  2095 | D:4      | Reached XP level 5. HP: 47/47 MP: 4/4
  2174 | D:4      | Reached skill level 6 in Axes
  2187 | D:4      | Identified the +8 hand axe of Fagras Kanea {pain, rElec rF+
                  | Str+2}
  2308 | D:4      | Found a staircase to the Ecumenical Temple.
  2319 | D:4      | Reached XP level 6. HP: 48/53 MP: 5/5
  2319 | D:4      | Reached *** piety under Trog
  2646 | D:4      | Reached skill level 5 in Fighting
  2657 | D:4      | Reached skill level 7 in Axes
  2821 | D:5      | Entered Level 5 of the Dungeon
  2839 | D:5      | Found a blossoming altar of Fedhas.
  2948 | D:5      | Reached XP level 7. HP: 61/61 MP: 6/6
  3309 | D:5      | Reached skill level 5 in Armour
  3324 | D:5      | Found a sand-covered staircase.
  3332 | Ossuary  | Entered an ossuary
  3351 | Ossuary  | Reached **** piety under Trog
  3366 | Ossuary  | Reached skill level 8 in Axes
  3797 | D:6      | Reached skill level 9 in Axes
  3797 | D:6      | Reached XP level 8. HP: 58/70 MP: 7/7
  3854 | D:6      | Found a hide-covered altar of Uskayaw.
  3854 | D:6      | Found an iron altar of Okawaru.
  3959 | D:6      | Found a stormy altar of Qazlal.
  4000 | D:6      | Found a shimmering blue altar of Sif Muna.
  4003 | D:6      | Reached ***** piety under Trog
  4139 | D:6      | Reached skill level 10 in Axes
  4385 | D:7      | Found a burning altar of Makhleb.
  4407 | D:7      | Reached skill level 11 in Axes
  4419 | D:7      | Identified the +1 war axe of Zumiaqix {heavy, rN+ Int+2}
  4419 | D:7      | Paralysed by a centaur for 4 turns
  4430 | D:7      | Noticed a cyan ugly thing
  4431 | D:7      | Reached XP level 9. HP: 38/79 MP: 8/8
  4443 | D:7      | Killed a cyan ugly thing
  4444 | D:7      | Reached skill level 12 in Axes
  4643 | D:7      | Found a flagged portal.
  4655 | Bailey   | Entered a bailey
  4684 | Bailey   | HP: 3/81 [kobold brigand/+0 war axe (5)]
  4685 | Bailey   | Slain by a kobold brigand

Illustrated notes

Levels and vault maps discovered:
D:1:      dpeg_arrival_stone_temple_mockup, layout_basic, serial_shops,
          nicolae_shop_tiny_glass
D:2:      minmay_wonky_spiral, layout_loops_ring,
          shapermc_ecumenical_altar_acropolis, feat_on_display
D:3:      layout_loops_cross
D:4:      layout_basic, mainiacjoe_overflow_small_starburst,
          minmay_temple_entry_large_hall, grunt_ministairs_15,
          nrook_loot_triangle, supply_closet_lemuel, columned_hall_lemuel,
          kennysheep_generic_room_11
D:5:      layout_loops_ring, mainiacjoe_overflow_24_doors,
          chequers_ossuary_entry_cave
D:6:      layout_basic, lemuel_tele_altar, mainiacjoe_overflow_chevrons,
          jmf_multi_god_temple
D:7:      nzn_winding_woodlands_small [nzn_winding_woodlands_5x15_cabin,
          nzn_winding_woodlands_center_triple_pond,
          nzn_winding_woodlands_5x15_longhouse], layout_cave_pools,
          makhleb_grotto_becter, enter_bailey_6
Bailey:   bailey_axe_3, bailey

Skill      XL: |  1  2  3  4  5  6  7  8  9 |
---------------+----------------------------+-----
Axes           | 4 5 6 7 9 11 12 | 12.2
Fighting       | 4 5 6 7 |  7.8
Armour         | 3 4 5 6 |  6.6
Dodging        | 3 4 |  4.0
Stealth        | |  0.7

Action                     |  1- 3 |  4- 6 |  7- 9 || total
---------------------------+-------+-------+-------++-------
  Melee: Hand axe          |    72 |    27 |       ||    99
         Punch             |     3 |     1 |     2 ||     6
         Headbutt          |     8 |    13 |    28 ||    49
         War axe           |       |    10 |       ||    10
         Broad axe         |       |    60 |   182 ||   242
 Invoke: Berserk           |       |     1 |     1 ||     2
         Brothers in Arms  |       |       |     1 ||     1
   Stab: Sleeping          |     1 |       |       ||     1
 Armour: Ring mail         |    23 |     2 |       ||    25
         Chain mail        |       |    52 |    85 ||   137
  Dodge: Dodged            |    38 |    50 |   169 ||   257
